 Dungeon Crawl Stone Soup version 0.31-a0-875-g02e7d12df6 (webtiles) character file.

Game seed: 10126637262304552981

2489 croobank the Ruffian (level 9, -9/74 HPs)
             Began as a Demigod Shapeshifter on Oct 12, 2023.
             Mangled by an ogre
             ... wielding a +0 giant spiked club
              (25 damage)
             ... on level 6 of the Dungeon.
             The game lasted 00:23:44 (7076 turns).

croobank the Ruffian (Demigod Shapeshifter)         Turns: 7076, Time: 00:23:45

Health: -9/74      AC:  4    Str: 19    XL:     9   Next: 7%
Magic:  15/15      EV: 14    Int: 20    God:
Gold:   450        SH:  0    Dex: 13    Spells: 7/12 levels left

rFire   + . .        D - +2 falchion (holy)
rCold   + + .        (no shield)
rNeg    . . .        m - +2 robe {rC+ rF+}
rPois   .            (helmet currently unavailable)
rElec   .            (cloak currently unavailable)
rCorr   .            (gloves currently unavailable)
SInv    .            (boots currently unavailable)
Will    .....        (no amulet)
Stlth   +            l - ring of flight
HPRegen 0.32/turn    n - ring of protection from cold
MPRegen 0.14/turn

%: no passive effects
@: beast-form, flying, studying Staves
A: beast (slay +3), high MP 1, forlorn, divine attributes
a: Begin Untransformation


You were on level 6 of the Dungeon.
You were a hulking beast.
You visited 1 branch of the dungeon, and saw 6 of its levels.
You also visited: Sewer.

You collected 450 gold pieces.

Inventory:

Hand Weapons
 b - a +0 sling
 e - a +2 scythe of protection
 f - a +0 heavy short sword
 h - a +0 long sword
 t - a +0 morningstar
 x - the +8 short sword of Naubyx {heavy, rElec rF- Will+++ Int-3}
   (You found it on level 2 of the Dungeon)

   Int-3:     It affects your intelligence (-3).
   rF-:       It makes you vulnerable to fire.
   rElec:     It insulates you from electricity.
   Will+++:   It greatly increases your willpower.
 z - a +5 great sword
 A - a +0 flail of holy wrath
 D - a +2 falchion of holy wrath (weapon)
 H - a +0 trident
 J - a +0 orcbow
Missiles
 i - 2 boomerangs
 k - 12 poisoned darts (quivered)
Armour
 a - a +0 helmet
 m - a +2 robe of resistance (worn)
 p - a +0 ring mail
 q - a +0 pair of boots
 y - a +1 cloak
 G - a +3 leather armour
 O - the +7 chain mail of Dawn {Str+3}
   (You found it on level 6 of the Dungeon)

   Str+3:     It affects your strength (+3).
Jewellery
 l - a ring of flight (left hand)
 n - a ring of protection from cold (right hand)
Talismans
 c - a beast talisman (active)
 d - a flux talisman
Wands
 v - a wand of flame (40)
 E - a wand of charming (9)
 F - a wand of iceblast (15)
 I - a wand of digging (8)
Scrolls
 w - 5 scrolls of teleportation
 C - 7 scrolls of identify
 K - a scroll of torment {unknown}
 N - a scroll of enchant weapon {unknown}
Potions
 j - 2 potions of mutation
 o - 5 potions of enlightenment
 r - 3 potions of lignification
 s - a potion of brilliance
 u - a potion of cancellation
 B - a potion of curing
 L - a potion of attraction {unknown}
 M - a potion of magic {unknown}


   Skills:
 + Level 5.1 Fighting
 + Level 5.4 Dodging
 + Level 5.8 Unarmed Combat
 * Level 2.3 Spellcasting
 * Level 2.5 Air Magic
 * Level 2.4 Poison Magic
 + Level 5.4 Shapeshifting


You had 7 spell levels left.
You knew the following spells:

 Your Spells              Type           Power      Damage    Failure   Level
a - Poisonous Vapours     Pois/Air       24%        N/A       9%          2
b - Mephitic Cloud        Conj/Pois/Air  8%         N/A       24%         3

Your spell library contained the following spells:

 Spells                   Type           Power      Damage    Failure   Level
 Apportation              Tloc           4%         N/A       16%         1
 Jinxbite                 Hex            4%         N/A       24%         2
 Inner Flame              Hex/Fire       2%         N/A       43%         3
 Vampiric Draining        Necr           2%         2d6       43%         3
 Dispel Undead            Necr           2%         3d7       83%         4
 Summon Ice Beast         Ice/Summ       2%         N/A       83%         4
 Alistair's Intoxication  Tmut/Pois      4%         N/A       95%         5
 Freezing Cloud           Conj/Ice/Air   2%         6-21      97%         5
 Yara's Violent Unravell  Hex/Tmut       1%         3d3       99%         5
 Simulacrum               Ice/Necr       1%         N/A       100%        6
 Enfeeble                 Hex            1%         N/A       100%        7
 Ozocubu's Refrigeration  Ice            1%         4d7       100%        7
 Death's Door             Necr           1%         N/A       100%        9
 Polar Vortex             Ice            1%         N/A       100%        9


Dungeon Overview and Level Annotations

Branches:
Dungeon (6/15)              Sewer (visited)
 Temple: D:4-7


Innate Abilities, Weirdness & Mutations

You are a hulking beast.
Your limbs bulge with bestial killing power. (Slay +3)
You have an increased reservoir of magic. (+10% MP)
You shall have no god before yourself.
Your divine heritage dramatically boosts your attributes as you level up.


Message History

Okay, then.
Okay, then.
Okay, then.
Your +2 falchion of holy wrath softly glows with a divine radiance!
D - a +2 falchion of holy wrath (weapon)
The scorpion stings you.
You are poisoned.
The scorpion poisons you!
You feel better. The scorpion completely misses you.
There are monsters nearby!
You hit the scorpion but do no damage.
The scorpion is moderately wounded.
The scorpion closely misses you. The scorpion stings you.
You slash the scorpion!
Flame seeps out of the scorpion.
The scorpion is severely wounded.
The scorpion is engulfed in blazing flames.
The scorpion explodes!
The fiery explosion engulfs the centaur!!
The fiery explosion engulfs you!! You resist.
* * * LOW HITPOINT WARNING * * *
The centaur explodes!
The fiery explosion engulfs the water moccasin!!
The fiery explosion engulfs the phantom!!
Flame seeps out of the phantom.
The phantom is severely damaged.
You feel a bit more experienced.
The water moccasin explodes!
The fiery explosion engulfs the phantom!!
The phantom explodes!
Your Spellcasting skill increases to level 2!
You have reached level 9!
Your experience leads to a dramatic increase in your attributes!
Increase (S)trength, (I)ntelligence, or (D)exterity?
You feel clever. x4
There is an open door here.
You reach down and close the door.
You start resting.
An ogre opens the door.
It is wielding a +0 giant spiked club.
The ogre hits you with a +0 giant spiked club!!
You die...

#. ..... ##'# ...s.S
##..##...8c.
#....'Fo..5. #...)##
#### ##..#'## ...
####..#####+ ..#
#....##..## #.#
#...Oh....########.###
##..##....#...........
.######..##.######.###
#.....##'##.# #.#
#........##.# #.#
#........##.# #.#
#.###.#..##.#### #.#
#..........# #.#
[##.....#.##.###.##


You could see an ogre.

Vanquished Creatures
  Sigmund (D:2)
  Eustachio (D:4)
  A water moccasin (D:6)
  3 ice beasts (D:5)
  A sky beast (D:6)
  2 centaurs
  2 phantoms (D:6)
  4 scorpions
  2 bullfrogs
  A wight (D:5)
  The ghost of Pokonic1 the Trooper, a weakling DsFi (D:4)
  4 hounds
  2 jellies (D:4)
  2 orc priests (D:4)
  Terence (D:2)
  Jessica (D:2)
  5 iguanas
  Natasha (thrice) (D:2)
  An orc wizard (D:4)
  A malarious merfolk avatar (Sewer)
  A sickly merfolk siren (Sewer)
  Robin (D:2)
  A gnoll (D:2)
  17 adders
  2 river rats
  A shadow imp (D:5)
  2 white imps
  4 worms
  4 dart slugs
  16 orcs
  5 endoplasms
  5 giant cockroaches
  12 goblins
  9 hobgoblins
  5 quokkas
  10 ball pythons
  4 bats
  6 frilled lizards
  3 kobolds
  28 rats
175 creatures vanquished.

Vanquished Creatures (collateral kills)
  A white imp (D:6)
1 creature vanquished.

Vanquished Creatures (others)
  An orc warrior (D:6)
  A white imp (D:6)
2 creatures vanquished.

Grand Total: 178 creatures vanquished

Notes
Turn   | Place    | Note
-------+----------+-------------------------------------------
     0 | D:1      | croobank the Demigod Shapeshifter began the quest for the
                  | Orb.
     0 | D:1      | Reached XP level 1. HP: 15/15 MP: 3/3
   104 | D:1      | Reached skill level 1 in Fighting
   238 | D:1      | Reached XP level 2. HP: 18/23 MP: 4/4
  1216 | D:2      | Noticed Natasha
  1225 | D:2      | Reached XP level 3. HP: 23/28 MP: 5/5
  1228 | D:2      | Killed Natasha
  1517 | D:2      | Noticed Natasha
  1525 | D:2      | Killed Natasha
  1526 | D:2      | Reached XP level 4. HP: 12/36 MP: 6/6
  1633 | D:2      | Noticed Jessica
  1644 | D:2      | Killed Jessica
  1833 | D:2      | Noticed Sigmund
  1858 | D:2      | HP: 1/36 [something (7)]
  1860 | D:2      | Killed Sigmund
  1861 | D:2      | Reached XP level 5. HP: 2/42 MP: 7/7
  2033 | D:2      | Noticed Terence
  2043 | D:2      | Killed Terence
  2044 | D:2      | Reached XP level 6. HP: 28/50 MP: 8/8
  2157 | D:2      | Noticed Natasha
  2169 | D:2      | Killed Natasha
  2284 | D:2      | Identified the +8 short sword of Naubyx {heavy, rElec rF-
                  | Will+++ Int-3}
  2312 | D:2      | Noticed Robin
  2326 | D:2      | Killed Robin
  2957 | D:3      | Found a glowing drain.
  2964 | Sewer    | Entered a sewer
  4108 | D:4      | Noticed Eustachio
  4132 | D:4      | Killed Eustachio
  4133 | D:4      | Reached XP level 7. HP: 25/57 MP: 9/9
  4368 | D:4      | Found a runed translucent door.
  4374 | D:4      | Noticed Pokonic1's ghost (weakling DsFi)
  4383 | D:4      | Killed Pokonic1's ghost
  4397 | D:4      | Found a runed translucent door.
  4532 | D:4      | Reached skill level 5 in Unarmed Combat
  4983 | D:5      | Entered Level 5 of the Dungeon
  5558 | D:5      | Reached XP level 8. HP: 52/67 MP: 10/10
  5749 | D:5      | Reached skill level 5 in Shapeshifting
  5796 | D:5      | Reached skill level 5 in Dodging
  5944 | D:5      | Learned a level 2 spell: Poisonous Vapours
  6025 | D:5      | Reached skill level 1 in Air Magic
  6028 | D:5      | Reached skill level 1 in Poison Magic
  6354 | D:5      | Reached skill level 1 in Spellcasting
  6679 | D:6      | Got a vellum book
  6706 | D:6      | Learned a level 3 spell: Mephitic Cloud
  6859 | D:6      | Identified the +7 chain mail of Dawn {Str+3}
  6905 | D:6      | Reached skill level 5 in Fighting
  7054 | D:6      | Reached XP level 9. HP: 9/74 MP: 15/15
  7076 | D:6      | Mangled by an ogre

Illustrated notes

Levels and vault maps discovered:
D:1:      wander_arrival_peaceful_grave, layout_basic, serial_aquarium,
          aquarium_bridge_square [aquarium_subvault_wall,
          aquarium_subvault_bridge, aquarium_subvault_balcony,
          aquarium_subvault_bridge], aquarium_window_fake, aquarium_window_1,
          aquarium_window_fake, aquarium_view_2b, aquarium_balcony_1b,
          aquarium_pool_2
D:2:      layout_loops_ring, corexii_corridor_pit,
          nicolae_kite_square_tiling_tiny, minmay_between, uniq_terence,
          uniq_sigmund, uniq_jessica, uniq_robin, uniq_natasha
D:3:      layout_rooms, cheibrodos_ashenzari_chains, lightli_sewer_entry_pipes
D:4:      layout_basic, ebering_ghost_sewer_f, uniq_eustachio
D:5:      wad_crossroads, layout_basic, nrook_mini_backslash,
          minmay_chambers_of_fives
D:6:      minmay_bubble_buster, layout_loops_ring, mainiacjoe_overflow_catwalk,
          serial_shops, nicolae_shop_peninsula

Skill      XL: |  1  2  3  4  5  6  7  8 |
---------------+-------------------------+-----
Fighting       | 1 2 3 4 5 |  5.1
Dodging        | 2 3 4 5 |  5.4
Unarmed Combat | 3 4 5 |  5.8
Shapeshifting  | 3 4 5 |  5.4
Air Magic      | 2 |  2.5
Poison Magic   | 2 |  2.4
Spellcasting   | 2 |  2.3

Action                     |  1- 3 |  4- 6 |  7- 9 || total
---------------------------+-------+-------+-------++-------
  Melee: Unarmed           |   105 |    57 |       ||   162
         Punch             |     2 |     4 |    11 ||    17
         Short sword       |       |   131 |   191 ||   322
         Falchion          |       |       |     2 ||     2
  Throw: Dart              |       |     9 |     4 ||    13
   Cast: Poisonous Vapours |       |       |     3 ||     3
  Evoke: Wand              |       |       |     9 ||     9
    Use: Potion            |       |     4 |     2 ||     6
         Scroll            |       |    10 |     3 ||    13
   Stab: Sleeping          |     1 |     2 |       ||     3
 Armour: Animal skin       |    42 |     4 |       ||    46
         Robe              |       |   125 |   122 ||   247
         Skin              |       |     1 |       ||     1
  Dodge: Dodged            |    58 |   160 |   177 ||   395

Table legend: (Time is in decaauts)
 A = Elapsed time spent in this place.
 B = Non-inter-level travel time spent in this place.
 C = Inter-level travel time spent in this place.
 D = Time resting spent in this place.
 E = Time spent auto-exploring this place.
 F = Levels seen in this place.
 G = Mean time per level.
                   A        B        C        D        E       F      G
               +--------+--------+--------+--------+--------+-----+--------+
         Total |   7246 |   7101 |    145 |   1958 |   3359 |   7 | 1035.1 |
       Dungeon |   6378 |   6233 |    145 |   1549 |   3264 |   6 | 1063.0 |
         Sewer |    868 |    868 |      0 |    409 |     95 |   1 |  868.0 |
               +--------+--------+--------+--------+--------+-----+--------+

Top non-repeatable levels by time:
     D:5: 1745 daAuts
     D:2: 1410 daAuts
     D:1: 1212 daAuts
     D:4: 957 daAuts
   Sewer: 868 daAuts
     D:3: 634 daAuts
     D:6: 418 daAuts
